 Dungeon Crawl Stone Soup version 0.31-a0-426-g3a05650e59 (webtiles) character file.

Game seed: 3640989417972274438

77 Ofeo the Ruffian (level 4, -1/33 HPs)
             Began as a Demonspawn Shapeshifter on July 30, 2023.
             Slain by Sigmund
             ... wielding a +4 scythe of freezing
              (7 damage)
             ... on level 2 of the Dungeon.
             The game lasted 00:01:57 (1570 turns).

Ofeo the Ruffian (Demonspawn Shapeshifter)          Turns: 1570, Time: 00:01:58

Health: -1/33      AC:  5    Str: 17    XL:     4   Next: 13%
Magic:  4/4        EV: 12    Int:  9    God:
Gold:   44         SH:  0    Dex: 14    Spells: 3/3 levels left

rFire   . .          .
                       - Unarmed
rCold   . . .        (no shield)
rNeg    . . .        a - +1 animal skin
rPois   .            (helmet currently unavailable)
rElec   .            (cloak currently unavailable)
rCorr   .            (gloves currently unavailable)
SInv    .            (boots currently unavailable)
Will    .....        e - amulet of faith
Stlth   +            (no ring)
HPRegen 0.25/turn    (no ring)
MPRegen 0.09/turn

%: faith
@: confused, beast-form
A: beast (slay +2), claws 1, slimy green scales 1
a: Begin Untransformation


You were on level 2 of the Dungeon.
You were a hulking beast.
You visited 1 branch of the dungeon, and saw 2 of its levels.

You collected 44 gold pieces.

Inventory:

Armour
 a - a +1 animal skin (worn)
Jewellery
 e - an amulet of faith (around neck)
Talismans
 c - a beast talisman (active)
Scrolls
 d - a scroll of revelation
 g - a scroll of teleportation {@r3}
 i - 3 scrolls of identify {@r1}
Potions
 b - a potion of lignification
 f - 2 potions of resistance {@q6}
 q - a potion of curing {@q1}


   Skills:
 + Level 1.9 Fighting
 + Level 2.3 Dodging
 * Level 3.5 Unarmed Combat
 + Level 3.0 Shapeshifting


You had 3 spell levels left.
You didn't know any spells.
Your spell library was empty.

Dungeon Overview and Level Annotations

Branches:
Dungeon (2/15)

Altars:

Annotations:
D:2 Sigmund


Innate Abilities, Weirdness & Mutations

You are a hulking beast.
Your limbs bulge with bestial killing power. (Slay +2)
You have sharp fingernails.
You are partially covered in slimy green scales. (AC +2)


Message History

You see here a giant cockroach corpse.
Sigmund is nearby!
Sigmund is nearby!
Sigmund shouts!
Sigmund says, "You will soon forget everything."
Sigmund hits you from afar with a +4 scythe of freezing.
Sigmund freezes you.
You take 9 damage, and have 24/33 hp.
MASSIVE DAMAGE!!
You scratch Sigmund.
Sigmund is moderately wounded.
Sigmund points at you and mumbles some strange words.
You are confused.
You are too confused!
You are too confused!
Sigmund casts a spell.
Sigmund flickers and vanishes!
Deactivating autopickup; reactivate with Ctrl-A.
Something barely misses you.
You hear some strange, mumbled words.
You are more confused.
You miss something. You scratch something.
You hear some strange, mumbled words.
A puff of flame appears from out of thin air!
The puff of flame hits you!
You take 9 damage, and have 17/33 hp.
MASSIVE DAMAGE!!
You hear some strange, mumbled words.
You are more confused.
You completely miss something.
You hear some strange, mumbled words.
Something tries to affect you, but you resist.
Something hits you. Something freezes you.
You take 1 damage, and have 16/33 hp.
You hear some strange, mumbled words.
A puff of flame appears from out of thin air!
The puff of flame hits you!
* * * LOW HITPOINT WARNING * * *
You take 10 damage, and have 6/33 hp.
MASSIVE DAMAGE!!
Something hits you!
You die...

,,,,,,,,,,,,,..#
,,,****#######.#####
,,,* #...........#
,,,* #.#####.###.#
,,,* #.#.......#,*
,,,* #.##.##.#.#,*
,,,* #.#.......#,*
########.#..#.#{.#,*
.......#.#.,#.#.h#,*
######.#†####.#..#,*
#......#.#..#,*
########.##.#.####,*
.......#..#.#.,,,,,*
######.##.#.##******
#.#..#.# #.#.##.#
#.#....#


There were no monsters in sight!

Vanquished Creatures
  3 adders (D:2)
  A worm (D:2)
  4 endoplasms
  3 giant cockroaches
  A goblin (D:2)
  4 hobgoblins
  5 jackals
  A quokka (D:1)
  8 ball pythons
  3 bats (D:1)
  A frilled lizard (D:1)
  3 kobolds
  9 rats
46 creatures vanquished.

Notes
Turn   | Place    | Note
-------+----------+-------------------------------------------
     0 | D:1      | Ofeo the Demonspawn Shapeshifter began the quest for the
                  | Orb.
     0 | D:1      | Reached XP level 1. HP: 15/15 MP: 1/1
   141 | D:1      | Gained mutation: You have sharp fingernails. [demonic
                  | ancestry]
   141 | D:1      | Reached XP level 2. HP: 21/21 MP: 2/2
   761 | D:2      | Reached XP level 3. HP: 26/26 MP: 3/3
   876 | D:2      | Found a faded altar of an unknown god.
   886 | D:2      | Noticed Sigmund
  1431 | D:2      | Gained mutation: You are partially covered in slimy green
                  | scales. (AC +2) [demonic ancestry]
  1431 | D:2      | Reached XP level 4. HP: 29/33 MP: 4/4
  1570 | D:2      | Slain by Sigmund

Illustrated notes

Levels and vault maps discovered:
D:1:      pf_arrival_petrified_forest, layout_rooms
D:2:      layout_basic, ebering_ecumenical_altar_box, uniq_sigmund

Skill      XL: |  1  2  3 |
---------------+----------+-----
Dodging        | 2 |  2.3
Unarmed Combat | 3 |  3.5
Shapeshifting  | 3 |  3.0
Fighting       | |  1.9

Action                     |  1- 3 |  4- 6 || total
---------------------------+-------+-------++-------
  Melee: Unarmed           |   111 |     9 ||   120
         Punch             |     1 |       ||     1
    Use: Scroll            |     6 |       ||     6
   Stab: Sleeping          |     3 |     1 ||     4
 Armour: Animal skin       |    21 |     1 ||    22
  Dodge: Dodged            |    76 |     4 ||    80

Table legend: (Time is in decaauts)
 A = Elapsed time spent in this place.
 B = Non-inter-level travel time spent in this place.
 C = Inter-level travel time spent in this place.
 D = Time resting spent in this place.
 E = Time spent auto-exploring this place.
 F = Levels seen in this place.
 G = Mean time per level.
                   A        B        C        D        E       F      G
               +--------+--------+--------+--------+--------+-----+--------+
         Total |   1564 |   1532 |     32 |    183 |   1038 |   2 |  782.0 |
       Dungeon |   1564 |   1532 |     32 |    183 |   1038 |   2 |  782.0 |
               +--------+--------+--------+--------+--------+-----+--------+

Top non-repeatable levels by time:
     D:1: 867 daAuts
     D:2: 696 daAuts
